 Dungeon Crawl Stone Soup version 0.29-a0-721-g7f417c9bbb (webtiles) character file.

Game seed: 8439679574610257228

3931 ytrimaz the Fighter (level 10, -21/83 HPs)
             Began as a Demonspawn Fighter on June 28, 2022.
             Was a Believer of Okawaru.
             Demolished by a two-headed ogre
             ... wielding a +0 giant club
              (22 damage)
             ... on level 8 of the Dungeon.
             The game lasted 00:10:08 (7667 turns).

ytrimaz the Fighter (Demonspawn Fighter)            Turns: 7667, Time: 00:10:08

Health: -21/83     AC: 12    Str: 13    XL:     10   Next: 1%
Magic:  0/23       EV:  4    Int: 10    God:    Okawaru [**....]
Gold:   422        SH: 11    Dex: 26    Spells: 9/9 levels left

rFire   . . .      SeeInvis +   g - +8 double sword "Idajyila" {flame, Str-3 Dex+3 SInv Stlth+}
rCold   + . .      Faith    .   c - +1 buckler
rNeg    . . .      Spirit   +   A - +0 plate armour
rPois   .          Reflect  .   (helmet unavailable)
rElec   .          Harm     .   u - +0 cloak of Precision Catastrophes {rC+}
rCorr   .          Rampage  .   (no gloves)
Will    .....                   (no boots)
Stlth   ..........              B - amulet of magic regeneration
HPRegen 0.23/turn               h - +6 ring of dexterity
MPRegen 0.76/turn               a - ring of magical power

@: about to teleport
A: antennae 3, magic shield, magic regeneration, sturdy frame 1, condensation
shield
a: Renounce Religion, Heroism


You were on level 8 of the Dungeon.
You worshipped Okawaru.
Okawaru was pleased with you.
You visited 2 branches of the dungeon, and saw 9 of its levels.

You collected 422 gold pieces.

Inventory:

Hand Weapons
 g - the +8 double sword "Idajyila" (weapon) {flame, Str-3 Dex+3 SInv Stlth+}
   (You acquired it on level 1 of the Dungeon)

   It burns those it strikes, dealing additional fire damage.
   Big, fiery blades are also staple armaments of hydra-hunters.
   Str:       It affects your strength (-3).
   Dex:       It affects your dexterity (+3).
   SInv:      It lets you see invisible.
   Stlth:     It makes you more stealthy.
Missiles
 o - a throwing net (quivered)
Armour
 c - a +1 buckler (worn)
 u - the +0 cloak of Precision Catastrophes (worn) {rC+}
   (You found it on level 4 of the Dungeon)

   rC:        It protects you from cold.
 A - a +0 plate armour (worn)
Jewellery
 a - a ring of magical power (right hand)
 h - a +6 ring of dexterity (left hand)
 j - a ring of positive energy
 l - a ring of willpower
 q - a +4 ring of protection
 y - a ring of magical power
 B - an amulet of magic regeneration (around neck)
Wands
 f - a wand of quicksilver (20)
 i - a wand of flame (9)
 D - a wand of mindburst (14)
 E - a wand of paralysis (2)
Scrolls
 e - 2 scrolls of teleportation
 k - 4 scrolls of torment
 m - a scroll of fog
 s - a scroll of brand weapon {unknown}
 v - 3 scrolls of identify {unknown}
 x - a scroll of noise {unknown}
Potions
 b - a potion of flight {unknown}
 d - a potion of might
 n - a potion of lignification {unknown}
 p - 2 potions of mutation {unknown}
 r - 2 potions of degeneration {unknown}
 t - 3 potions of curing
 w - a potion of magic {unknown}
 z - a potion of invisibility {unknown}
 C - a potion of ambrosia {unknown}
 F - a potion of attraction {unknown}


   Skills:
 + Level 9.3 Fighting
 - Level 9.0 Long Blades
 - Level 2.1 Axes
 - Level 2.6 Armour
 - Level 4.0 Shields
 - Level 0.8 Fire Magic
 * Level 5.9 Invocations


You had 9 spell levels left.
You didn't know any spells.
Your spell library contained the following spells:

 Spells                   Type           Power      Damage    Failure   Level
 Sandblast                Erth           0%         2d4       100%        1
 Passwall                 Tmut/Erth      0%         N/A       100%        2
 Conjure Flame            Conj/Fire      0%         6-21      100%        3
 Dazzling Flash           Conj/Hex       0%         N/A       100%        3
 Ignite Poison            Fire/Tmut/Pois 0%         N/A       100%        3
 Ozocubu's Armour         Ice            0%         N/A       100%        3
 Portal Projectile        Hex/Tloc       0%         N/A       100%        3
 Stone Arrow              Conj/Erth      0%         3d7       100%        3
 Leda's Liquefaction      Hex/Erth       0%         N/A       100%        4
 Sticky Flame             Conj/Fire      0%         2d3       100%        4
 Agony                    Necr           0%         N/A       100%        5
 Metabolic Englaciation   Hex/Ice        0%         N/A       100%        5
 Silence                  Hex/Air        0%         N/A       100%        5
 Call Canine Familiar     Summ           Unusable   N/A       N/A         3
 Simulacrum               Ice/Necr       Unusable   N/A       N/A         6

Dungeon Overview and Level Annotations

Branches:
Dungeon (8/15)             Temple (1/1) D:7            Lair (0/6) D:8

Altars:
Ashenzari
Cheibriados
Dithmenos
Elyvilon
Fedhas
Gozag
Hepliaklqana
Kikubaaqudgha
Makhleb
Nemelex Xobeh
Okawaru
Qazlal
Ru
Sif Muna
Trog
Uskayaw
Vehumet
Wu Jian
Xom
Yredelemnul
Zin

Shops:
D:1 *   D:2 *

Portals:
Abyss: D:5

Annotations:
D:5 2 transporters, blackman's ghost, weakling HuDe
D:8 3 runed translucent doors, Dordric's ghost, novice BaSu


Innate Abilities, Weirdness & Mutations

You have a pair of large antennae on your head. (SInv)
When hurt, damage is shared between your health and your magic reserves.
You regenerate magic rapidly.
Your movements are slightly less encumbered by armour. (ER -2)
A meltable shield of frost defends you. (SH +4)


Message History

A two-headed ogre is nearby!
The two-headed ogre hits you with a +0 giant club.
The two-headed ogre hits you with a +0 giant club!!
You hit the two-headed ogre. You burn the two-headed ogre.
The two-headed ogre is lightly wounded.
The two-headed ogre hits you with a +0 giant club!!
The two-headed ogre hits you with a +0 giant club.
You hit the two-headed ogre but do no damage.
The two-headed ogre is lightly wounded.
You block the two-headed ogre's attack.
The two-headed ogre hits you with a +0 giant club.
You slash the two-headed ogre! You burn the two-headed ogre.
The two-headed ogre is moderately wounded.
You barely miss the two-headed ogre.
The two-headed ogre is moderately wounded.
The two-headed ogre completely misses you.
The two-headed ogre hits you with a +0 giant club!
You slice the two-headed ogre!! You burn the two-headed ogre!
The two-headed ogre is severely wounded.
You block the two-headed ogre's attack.
The two-headed ogre hits you with a +0 giant club.
* * * LOW HITPOINT WARNING * * *
Unknown command.
You feel better.
You feel better.
The two-headed ogre hits you with a +0 giant club! x2
* * * LOW HITPOINT WARNING * * *
Unknown command.
The two-headed ogre attacks as you move away!
The two-headed ogre hits you with a +0 giant club!
* * * LOW HITPOINT WARNING * * *
You block the two-headed ogre's attack.
An orc comes into view. It is wielding a +0 short sword.
The orc shouts!
You hear a shout!
You hear a bark!
As you read the scroll of teleportation, it crumbles to dust.
You feel strangely unstable.
There is an open door here.
The two-headed ogre attacks as you move away!
The two-headed ogre hits you with a +0 giant club!!
You die...

.###.....##..### #.#.#.#
.....<.........# #.#...#
######..###....# #.#...#
#..# #....# #.#...# #..#
#....## #.#...#
.#######..###.....# #.#...#
...........##.....# #.....#
...........##.#...######.#.#
..........O@..'...'.........
...........##.#...#####.##..
#####'##......#...# #.##..
#. #.######...# #.##.. #.
#.# #...# #.##.# #. o..
##### #....# ... {{ ######
... .


You could see a two-headed ogre and an orc.

Vanquished Creatures
  Grinder (D:5)
  3 yaks (D:8)
  A steam dragon (D:7)
  A water moccasin (D:6)
  Duvessa (D:6)
  2 ice beasts
  2 ogres
  2 phantoms (D:5)
  A kobold brigand (D:8)
  6 bullfrogs
  3 necrophages
  4 scorpions
  Dowan (D:6)
  4 wights (D:8)
  10 killer bees
  7 jellies
  An orc priest (D:7)
  3 hounds
  Jessica (D:2)
  4 iguanas
  5 orc wizards
  9 adders
  7 gnolls
  A shadow imp (D:6)
  A white imp (D:6)
  4 worms
  4 dart slugs
  25 orcs
  4 ball pythons
  2 endoplasms
  7 giant cockroaches
  6 goblins
  5 hobgoblins
  2 jackals (D:1)
  3 quokkas
  5 bats
  3 frilled lizards (D:2)
  11 kobolds
  5 rats
167 creatures vanquished.

Vanquished Creatures (others)
  2 plants (D:2)
2 creatures vanquished.

Grand Total: 169 creatures vanquished

Notes
Turn   | Place    | Note
-------+----------+-------------------------------------------
     0 | D:1      | ytrimaz the Demonspawn Fighter began the quest for the Orb.
     0 | D:1      | Reached XP level 1. HP: 18/18 MP: 1/1
   147 | D:1      | Gained mutation: Your movements are slightly less
                  | encumbered by armour. (ER -2) [demonic ancestry]
   147 | D:1      | Reached XP level 2. HP: 22/24 MP: 2/2
   861 | D:1      | Found Ferut's General Store.
   871 | D:1      | Identified a scroll of acquirement
   895 | D:1      | Acquired the +8 double sword "Idajyila" {flame, Str-3 Dex+3
                  | SInv Stlth+}
  1010 | D:2      | Gained mutation: You regenerate magic rapidly. [demonic
                  | ancestry]
  1010 | D:2      | Reached XP level 3. HP: 23/29 MP: 3/3
  1117 | D:2      | Found Wiocuran's Assorted Antiques.
  1123 | D:2      | Reached skill level 1 in Long Blades
  1123 | D:2      | Gained mutation: You have a pair of small antennae on your
                  | head. [demonic ancestry]
  1123 | D:2      | Reached XP level 4. HP: 35/35 MP: 4/4
  1375 | D:2      | Noticed Jessica
  1379 | D:2      | Killed Jessica
  1380 | D:2      | Gained mutation: A meltable shield of frost defends you.
                  | (SH +4) [demonic ancestry]
  1380 | D:2      | Reached XP level 5. HP: 40/41 MP: 5/5
  1990 | D:3      | Found a faded altar of an unknown god.
  2685 | D:4      | Gained mutation: You have a pair of antennae on your head.
                  | [demonic ancestry]
  2685 | D:4      | Reached XP level 6. HP: 43/47 MP: 6/6
  2763 | D:4      | Reached skill level 5 in Long Blades
  2920 | D:4      | Found a basalt altar of Yredelemnul.
  2965 | D:4      | Identified the +0 cloak of Precision Catastrophes {rC+}
  3940 | D:5      | Entered Level 5 of the Dungeon
  3948 | D:5      | Gained mutation: When hurt, damage is shared between your
                  | health and your magic reserves. [demonic ancestry]
  3948 | D:5      | Reached XP level 7. HP: 52/52 MP: 7/7
  3972 | D:5      | Found a transporter.
  4418 | D:5      | Noticed Grinder
  4439 | D:5      | Killed Grinder
  4440 | D:5      | Gained mutation: You have a pair of large antennae on your
                  | head. (SInv) [demonic ancestry]
  4440 | D:5      | Reached XP level 8. HP: 54/58 MP: 8/8
  4549 | D:5      | Found a one-way gate to the infinite horrors of the Abyss.
  4549 | D:5      | Noticed blackman's ghost (weakling HuDe)
  4567 | D:5      | Found a transporter.
  5036 | D:6      | Reached skill level 5 in Fighting
  5213 | D:6      | Noticed Dowan
  5214 | D:6      | Noticed Duvessa
  5233 | D:6      | Killed Dowan
  5234 | D:6      | Reached XP level 9. HP: 61/69 MP: 9/9
  5237 | D:6      | Killed Duvessa
  5661 | D:7      | Found a staircase to the Ecumenical Temple.
  5682 | Temple   | Entered the Ecumenical Temple
  5997 | Temple   | Became a worshipper of Warmaster Okawaru
  6277 | D:7      | Reached skill level 1 in Invocations
  6454 | D:7      | Found a sparkling altar of Nemelex Xobeh.
  7053 | D:8      | Found a staircase to the Lair.
  7127 | D:8      | Reached * piety under Okawaru
  7336 | D:8      | Reached skill level 5 in Invocations
  7342 | D:8      | Reached ** piety under Okawaru
  7535 | D:8      | Found a sacrificial altar of Ru.
  7537 | D:8      | Found a broken altar of Ashenzari.
  7597 | D:8      | Reached XP level 10. HP: 81/83 MP: 14/14
  7642 | D:8      | Found a runed translucent gate.
  7643 | D:8      | Found a runed translucent gate.
  7646 | D:8      | Found a runed translucent gate.
  7646 | D:8      | Noticed Dordric's ghost (novice BaSu)
  7651 | D:8      | Noticed a two-headed ogre
  7663 | D:8      | HP: 1/83 [two-headed ogre/+0 giant club (13)]
  7667 | D:8      | Demolished by a two-headed ogre

Illustrated notes

Levels and vault maps discovered:
D:1:      dpeg_arrival_central, layout_loops_ring, serial_shops,
          nicolae_shop_waterfront, minmay_pentomino_s4
D:2:      layout_rooms, serial_shops, nicolae_shop_overgrown_old_shop,
          wander_ebering_terrifying_dragon_lair, uniq_jessica
D:3:      layout_basic, basic_ecumenical_altar
D:4:      layout_cave_pools, mainiacjoe_overflow_cross_hatched,
          serial_co_window_serial, co_window_paths_a, co_window_paths_a,
          co_window_corner_a, co_window_paths_a, co_window_paths_b,
          co_window_paths_b, co_window_cross_2, co_window_2corner,
          co_window_corner_cb, co_window_broadway_a, co_window_broadway_a,
          co_window_of_opportunity_c, glass_columns_c, glass_columns_a,
          glass_columns_b, moated_statue
D:5:      layout_loops_ring, gammafunk_ghost_abyssal_escape,
          columned_hall_lemuel, uniq_grinder
D:6:      layout_basic, uniq_duvessa
D:7:      layout_basic, mainiacjoe_overflow_alcove_1, minmay_temple_entry_ruins
D:8:      lemuel_castle_with_subvaults [lemuel_castle_interior_original],
          layout_basic, nicolae_overflow_squiral, lair_entry_dummy,
          gammafunk_ghost_ooze
Temple:   minmay_temple_bridge_d

Skill      XL: |  1  2  3  4  5  6  7  8  9 |
---------------+----------------------------+-----
Shields        | 3 4 |  4.0
Axes           | 2 |  2.1
Long Blades    | 1 2 4 6 8 9 |  9.0
Fighting       | 6 9 |  9.3
Invocations    | 5 |  5.9
Armour         | |  2.6
Fire Magic     | |  0.8

Action                   |  1- 3 |  4- 6 |  7- 9 | 10-12 || total
-------------------------+-------+-------+-------+-------++-------
Melee: War axe           |    47 |       |       |       ||    47
       Double sword      |     9 |   105 |   164 |     7 ||   285
  Use: Scroll            |     3 |     6 |     1 |     1 ||    11
       Potion            |       |     4 |       |     2 ||     6
 Stab: Sleeping          |       |    11 |     3 |       ||    14
       Distracted        |       |     1 |       |       ||     1
Armor: Scale mail        |    45 |    48 |    25 |       ||   118
       Plate armour      |       |       |    36 |       ||    36
Dodge: Dodged            |    34 |    49 |    27 |     1 ||   111
Block: Buckler           |    16 |    70 |    96 |     3 ||   185

Table legend: (Time is in decaauts)
 A = Elapsed time spent in this place.
 B = Non-inter-level travel time spent in this place.
 C = Inter-level travel time spent in this place.
 D = Time resting spent in this place.
 E = Time spent auto-exploring this place.
 F = Levels seen in this place.
 G = Mean time per level.
                   A        B        C        D        E       F      G
               +--------+--------+--------+--------+--------+-----+--------+
         Total |   7723 |   7396 |    327 |    744 |   5301 |   9 |  858.1 |
       Dungeon |   7332 |   7156 |    176 |    744 |   5074 |   8 |  916.5 |
        Temple |    390 |    239 |    151 |      0 |    227 |   1 |  390.0 |
               +--------+--------+--------+--------+--------+-----+--------+

Top non-repeatable levels by time:
     D:4: 1322 daAuts
     D:1: 1027 daAuts
     D:7: 973 daAuts
     D:5: 948 daAuts
     D:2: 896 daAuts
     D:6: 748 daAuts
     D:3: 734 daAuts
     D:8: 681 daAuts
  Temple: 390 daAuts
